 Dungeon Crawl Stone Soup version 0.31-a0-691-g409c26aa35 (webtiles) character file.

Game seed: 3863625813527503910

229 qw the Shooter (level 6, -3/37 HPs)
             Began as a Gargoyle Hunter on Sept 6, 2023.
             Slain by an orc
             ... wielding a +0 mace
              (4 damage)
             ... on level 3 of the Dungeon.
             The game lasted 00:00:38 (1607 turns).

qw the Shooter (Gargoyle Hunter)                    Turns: 1607, Time: 00:00:39

Health: -3/37      AC: 10    Str: 25    XL:     6   Next: 3%
Magic:  6/6        EV: 11    Int:  8    God:
Gold:   99         SH:  0    Dex: 14    Spells: 5/5 levels left

rFire   . . .        Y - +0 shortbow
rCold   . . .        (shield currently unavailable)
rNeg    + . .        e - +0 ring mail
rPois   inf          a - +0 helmet
rElec   +            (no cloak)
rCorr   .            (no gloves)
SInv    .            (no boots)
Will    .....        h - amulet of faith
Stlth   +            c - +6 ring of strength
HPRegen 0.26/turn    (no ring)
MPRegen 0.10/turn

%: faith
@: about to teleport, flying
A: sickness immunity, AC +4, negative energy resistance 1, electricity
resistance, torment resistance 1, petrification resistance, big wings, strong 1
a: no special abilities


You were on level 3 of the Dungeon.
You visited 1 branch of the dungeon, and saw 3 of its levels.

You collected 99 gold pieces.


Innate Abilities, Weirdness & Mutations

You are immune to sickness and miasma.
Your stone body is resilient. (AC +4)
You are immune to poison.
You resist negative energy. (rN+)
You are resistant to electric shocks. (rElec)
You are resistant to unholy torment.
You are immune to petrification.
Your large and strong wings let you fly.
Your muscles are strong. (Str +4, Int/Dex -1)


   Skills:
 + Level 3.0 Fighting
 - Level 6.6 Ranged Weapons
 - Level 1.0 Armour
 - Level 1.5 Dodging
 - Level 1.1 Stealth


You had 5 spell levels left.
You didn't know any spells.
Your spell library was empty.

Inventory:

Hand Weapons
 Y - a +0 shortbow (weapon)
Armour
 a - a +0 helmet (worn)
 e - a +0 ring mail (worn)
Jewellery
 c - a +6 ring of strength (left hand)
 h - an amulet of faith (around neck)
Potions
 b - a potion of lignification {unknown}
 d - a potion of cancellation
 f - a potion of berserk rage {unknown}
 g - a potion of mutation

Dungeon Overview and Level Annotations

Branches:
Dungeon (3/15)

Altars:


Message History

The orc priest looks satisfied for a moment.
You shoot an arrow. The arrow hits the orc!
You kill the orc!
The orc barely misses you. The hobgoblin barely misses you.
Something hits you but does no damage.
You shoot an arrow. The arrow hits the orc priest.
The orc priest is lightly wounded.
The orc closely misses you.
The hobgoblin hits you but does no damage.
Something hits you but does no damage. The orc priest barely misses you.
The orc hits you but does no damage. x2
The orc priest hits you but does no damage.
The hobgoblin completely misses you. Something hits you but does no damage.
You shoot an arrow. The arrow hits the orc priest.
The orc priest is heavily wounded.
The orc misses you. The hobgoblin hits you.
You hear some strange, mumbled words.
Something tries to affect you, but you resist.
The orc priest hits you with a +0 club. The orc hits you with a +0 dagger.
You shoot an arrow.
The arrow hits the orc priest but does no damage.
The orc priest is heavily wounded.
An adder comes into view.
The orc hits you but does no damage. The hobgoblin closely misses you.
Something hits you but does no damage.
The orc priest hits you but does no damage.
The orc hits you but does no damage.
You shoot an arrow.
The arrow closely misses the orc priest.
The orc barely misses you.
The hobgoblin hits you but does no damage.
Something hits you but does no damage.
The orc priest mumbles some strange prayers to Beogh against you.
Beogh smites you! The orc hits you but does no damage.
1607 ||| READING scroll of teleportation.
As you read the scroll of teleportation, it crumbles to dust.
You feel strangely unstable.
The hobgoblin hits you but does no damage.
The orc hits you with a +0 dagger. The orc hits you with a +0 mace.
You die...

########'###
#. ##### #.#
#. . #...# #.#
#. [. #...#
#.# #.
##.##...# #.#
#. #.......#
#.# #.
#....S..# #.#
#.
#.....{o####.#
#.
.....gg@.....#
#.
......oo######
#. .....####
#. ...# ## ..
######## .
#.......
#.###### #.#
#.#


You could see an orc priest, an adder, 2 orcs, a hobgoblin and a goblin.

Vanquished Creatures
  Sigmund (D:2)
  Robin (D:2)
  3 orcs (D:3)
  4 ball pythons
  4 endoplasms
  11 goblins
  5 hobgoblins (D:2)
  4 bats
  2 frilled lizards
  5 rats
40 creatures vanquished.

Notes
Turn   | Place    | Note
-------+----------+-------------------------------------------
     0 | D:1      | qw the Gargoyle Hunter began the quest for the Orb.
     0 | D:1      | Reached XP level 1. HP: 12/12 MP: 1/1
     0 | D:1      | 0 ||| qw: Version: 0.3-a-76-g4403597
     0 | D:1      | 0 ||| qw: Game counter: 18
     0 | D:1      | 0 ||| qw: Melee chars always use a shield: true
     0 | D:1      | 0 ||| qw: God list: Okawaru
     0 | D:1      | 0 ||| qw: Allow faded altars: false
     0 | D:1      | 0 ||| qw: Do Orc after clearing Dungeon:15 true
     0 | D:1      | 0 ||| qw: Do second Lair branch before Depths: true
     0 | D:1      | 0 ||| qw: Lair rune preference: random
     0 | D:1      | 0 ||| qw: Goals: Normal
     0 | D:1      | 0 ||| PLANNING D:1-11
   236 | D:1      | You fall into a shaft and drop 1 floor!
   238 | D:2      | Noticed Sigmund
   251 | D:2      | Killed Sigmund
   252 | D:2      | Reached skill level 6 in Ranged Weapons
   252 | D:2      | Reached XP level 2. HP: 8/17 MP: 2/2
   252 | D:2      | Reached XP level 3. HP: 9/21 MP: 3/3
   252 | D:2      | Reached XP level 4. HP: 12/26 MP: 4/4
   252 | D:2      | Reached XP level 5. HP: 14/30 MP: 5/5
   319 | D:2      | 319 ||| UPGRADING to +0 ring mail.
   329 | D:2      | 329 ||| DROPPING +0 leather armour.
   330 | D:2      | 330 ||| READING scroll labelled WARPHY LACVEB.
   331 | D:2      | 331 ||| READING scroll labelled BEFRAS ROMOMN.
   334 | D:2      | Noticed Robin
   346 | D:2      | Killed Robin
   347 | D:2      | Reached skill level 1 in Armour
   420 | D:2      | 420 ||| DROPPING scroll of butterflies.
   421 | D:2      | 421 ||| Stepping randomly (stuck).
   422 | D:2      | 422 ||| Stepping randomly (stuck).
   423 | D:2      | 423 ||| Stepping randomly (stuck).
   424 | D:2      | 424 ||| Stepping randomly (stuck).
   426 | D:2      | 426 ||| UPGRADING to +0 helmet.
   431 | D:2      | 431 ||| Stepping randomly (stuck).
   432 | D:2      | 432 ||| Stepping randomly (stuck).
   433 | D:2      | 433 ||| Stepping randomly (stuck).
   434 | D:2      | 434 ||| Stepping randomly (stuck).
   435 | D:2      | 435 ||| Stepping randomly (stuck).
   436 | D:2      | 436 ||| Stepping randomly (stuck).
   437 | D:2      | 437 ||| Stepping randomly (stuck).
   438 | D:2      | 438 ||| Stepping randomly (stuck).
   439 | D:2      | 439 ||| Stepping randomly (stuck).
   440 | D:2      | 440 ||| Stepping randomly (stuck).
   441 | D:2      | 441 ||| Stepping randomly (stuck).
   442 | D:2      | 442 ||| Stepping randomly (stuck).
   443 | D:2      | 443 ||| Stepping randomly (stuck).
   444 | D:2      | 444 ||| Stepping randomly (stuck).
   445 | D:2      | 445 ||| Stepping randomly (stuck).
   446 | D:2      | 446 ||| Stepping randomly (stuck).
   447 | D:2      | 447 ||| Stepping randomly (stuck).
   448 | D:2      | 448 ||| Stepping randomly (stuck).
   449 | D:2      | 449 ||| Stepping randomly (stuck).
   450 | D:2      | 450 ||| Stepping randomly (stuck).
   451 | D:2      | 451 ||| Stepping randomly (stuck).
   452 | D:2      | 452 ||| Stepping randomly (stuck).
   453 | D:2      | 453 ||| Stepping randomly (stuck).
   454 | D:2      | 454 ||| Stepping randomly (stuck).
   831 | D:1      | 831 ||| UPGRADING to +6 ring of strength.
   832 | D:1      | 832 ||| DRINKING 2 glowing clear potions.
  1492 | D:2      | 1492 ||| UPGRADING to amulet of faith.
  1497 | D:2      | 1497 ||| READING scroll labelled TUFELUDELO.
  1498 | D:2      | 1498 ||| DRINKING 2 grey potions.
  1498 | D:2      | Gained mutation: Your large and strong wings let you fly.
                  | [potion of mutation]
  1498 | D:2      | Gained mutation: Your muscles are strong. (Str +4, Int/Dex
                  | -1) [potion of mutation]
  1570 | D:3      | Reached XP level 6. HP: 36/36 MP: 6/6
  1600 | D:3      | Reached skill level 3 in Fighting
  1606 | D:3      | HP: 2/37 [orc priest/divine providence (10)]
  1607 | D:3      | 1607 ||| READING scroll of teleportation.
  1607 | D:3      | Slain by an orc

Levels and vault maps discovered:
D:1:      shiori_arrival_maze, layout_loops_ring
D:2:      layout_basic, uniq_sigmund, uniq_robin
D:3:      layout_basic, ebering_ghost_sewer_f, uniq_terence

Skill      XL: |  1  2  3  4  5  6 |
---------------+-------------------+-----
Ranged Weapons | 6 |  6.6
Armour         | 1 |  1.0
Fighting       | 3 |  3.0
Dodging        | |  1.5
Stealth        | |  1.1

Action                     |  1- 3 |  4- 6 || total
---------------------------+-------+-------++-------
   Fire: Shortbow          |    25 |    86 ||   111
    Use: Scroll            |       |     4 ||     4
         Potion            |       |     2 ||     2
 Armour: Leather armour    |     5 |       ||     5
         Ring mail         |       |    67 ||    67
  Dodge: Dodged            |    12 |    60 ||    72

Table legend:
 A = Non-vault XP
 B = Vault XP
 C = Vault XP percentage of total XP
 D = Non-vault monster count
 E = Vault monster count
 F = Vault count percentage of total count
                 A         B        C        D         E       F
            +---------+---------+-------+---------+---------+-------
      Total |      41 |     287 |  87.5 |      25 |      15 |  37.5
            +---------+---------+-------+---------+---------+-------
        D:1 |      10 |       2 |  16.7 |       7 |       2 |  22.2
        D:2 |      20 |     285 |  93.4 |      14 |      13 |  48.1
        D:3 |      11 |       0 |   0.0 |       4 |       0 |   0.0
            +---------+---------+-------+---------+---------+-------
